 Dungeon Crawl Stone Soup version 0.28.0-47-ge53b351184 (webtiles) character file.

Game seed: 14697074347510981957

4 GigaChad the Sneak (level 1, 0/9 HPs)
             Began as a Spriggan Earth Elementalist on Apr 26, 2022.
             Slain by a kobold
             ... wielding a +0 dagger
              (3 damage)
             ... on level 1 of the Dungeon.
             The game lasted 00:00:43 (127 turns).

GigaChad the Sneak (Spriggan Earth Elementalist)     Turns: 127, Time: 00:00:43

Health: 0/9        AC:  2    Str:  4    XL:     1   Next: 58%
Magic:  4/5        EV: 17    Int: 16    God:
Gold:   0          SH:  0    Dex: 15    Spells: 4/5 levels left

rFire   . . .      SeeInvis +   (weapon restricted)
rCold   . . .      Faith    .   (no shield)
rNeg    . . .      Spirit   .   b - +0 robe
rPois   .          Reflect  .   (helmet restricted)
rElec   .          Harm     .   (no cloak)
rCorr   .          Rampage  .   (gloves unavailable)
Will    .....                   (boots unavailable)
Stlth   ++........              (no amulet)
HPRegen 0.03/turn               (no ring)
MPRegen 0.09/turn               (no ring)

@: very quick
A: very small, no large weapons, unfitting armour, see invisible, speed 3
a: no special abilities


You were on level 1 of the Dungeon.
You visited 1 branch of the dungeon, and saw 1 of its levels.

Inventory:

Missiles
 c - 23 stones
Armour
 b - a +0 robe (worn)
Scrolls
 d - a scroll of identify {unknown}
Potions
 a - 2 potions of flight {unknown}


   Skills:
 + Level 2.6 Dodging
 + Level 3.0 Stealth
 + Level 2.6 Spellcasting
 + Level 1.3 Transmutations
 + Level 3.0 Earth Magic


You had 4 spell levels left.
You knew the following spells:

 Your Spells              Type           Power      Damage    Failure   Level
a - Sandblast             Erth           22%        2d7       5%          1

Your spell library contained the following spells:

 Spells                   Type           Power      Damage    Failure   Level
 Passwall                 Tmut/Erth      7%         N/A       12%         2
 Stone Arrow              Conj/Erth      14%        3d7       30%         3
 Petrify                  Tmut/Erth      9%         N/A       61%         4


Dungeon Overview and Level Annotations

Branches:
Dungeon (1/15)

Altars:


Innate Abilities, Weirdness & Mutations

You are very small and have problems with some larger weapons.
You are too small for most types of armour.
You have supernaturally acute eyesight. (SInv)
You cover ground extremely quickly. (Speed+++)


Message History

The bat completely misses you. The goblin completely misses you.
The goblin closely misses you. The kobold hits you with a +0 whip.
The bat completely misses you. The bat misses you. The bat barely misses you.
The kobold closely misses you. The bat completely misses you.
The quokka twitches its whiskers.
The bat closely misses you.
The kobold throws a stone.
The stone closely misses you. The bat closely misses you.
Unknown command.
The bat closely misses you. x2
The bat closely misses you. The bat closely misses you.
The bat hits you but does no damage. The kobold barely misses you.
The bat closely misses you. The bat hits you but does no damage.
The bat closely misses you. The bat closely misses you. The bat misses you.
The bat hits you but does no damage. The bat barely misses you.
The bat misses you. The bat hits you. The bat misses you.
You are too injured to fight recklessly!
You are too injured to fight recklessly!
You are too injured to fight recklessly!
You are too injured to fight recklessly!
You are too injured to fight recklessly!
The bat barely misses you.
The quokka twitches its whiskers.
The bat barely misses you. The bat completely misses you.
The bat closely misses you.
There are monsters nearby!
The bat closely misses you. The bat hits you.
The kobold hits you with a +0 dagger.
You die...

#......###....g.##
.......##..##....#
...##......###rK.# .##
###........Kg#
.#####.........g.#
.................####
.####..........g#...##
.# #..<.......bK....##
## ##....8.....@.....#
#.....♣..........#
#................#
#...............##
#..........#...##
################


You could see a quokka, a hobgoblin, a goblin, a bat and 3 kobolds.

Vanquished Creatures
  An endoplasm (D:1)
  A goblin (D:1)
  A quokka (D:1)
  A ball python (D:1)
4 creatures vanquished.

Notes
Turn   | Place    | Note
-------+----------+-------------------------------------------
     0 | D:1      | GigaChad the Spriggan Earth Elementalist began the quest
                  | for the Orb.
     0 | D:1      | Reached XP level 1. HP: 9/9 MP: 5/5
   127 | D:1      | Slain by a kobold

Illustrated notes

Levels and vault maps discovered:
D:1:      wander_arrival_peaceful_grave, layout_rooms

Skill      XL: |  1 |
---------------+----+-----
Earth Magic    | 3 |  3.0
Dodging        | |  2.6
Stealth        | |  3.0
Spellcasting   | |  2.6
Transmutations | |  1.3

Action                   || total
-------------------------++-------
 Cast: Sandblast         ||     7
Armor: Robe              ||     5
Dodge: Dodged            ||    35
